 Dungeon Crawl Stone Soup version 0.25-a0-353-ged6d54792d (webtiles) character file.

Game seed: 10022913678506746071, levelgen mode: classic

6181 Borgoz the Carver (level 10, -8/96 HPs)
             Began as a Gargoyle Gladiator on Jan 2, 2020.
             Was a Follower of Makhleb.
             Mangled by a death yak (17 damage)
             ... on level 10 of the Dungeon.
             The game lasted 00:22:29 (11142 turns).

Borgoz the Carver (Gargoyle Gladiator)             Turns: 11142, Time: 00:22:30

Health: -8/96      AC: 25    Str: 25    XL:     10   Next: 91%
Magic:  10/10      EV:  2    Int:  8    God:    Makhleb [*.....]
Gold:   637        SH:  5    Dex: 13    Spells: 9/9 levels left

rFire    . . .     SeeInvis .   a - +0 long sword
rCold    . . .     Gourm    .   v - +0 buckler
rNeg     + + +     Faith    +   (armour currently unavailable)
rPois    ∞         Spirit   .   (helmet currently unavailable)
rElec    .         Reflect  .   (cloak currently unavailable)
rCorr    .         Harm     .   (gloves currently unavailable)
MR       +....     NoTele   +   (boots currently unavailable)
Stlth    +.........             b - amulet of faith
HPRegen  0.26/turn              y - ring of protection from magic
MPRegen  0.12/turn              (no ring)

@: mighty, tree-form
A: negative energy resistance 1, petrification resistance, rot immunity, AC +7
a: Renounce Religion


You were on level 10 of the Dungeon.
You worshipped Makhleb.
Makhleb was aware of your devotion.
You were not hungry.
You were a tree.
You visited 2 branches of the dungeon, and saw 11 of its levels.

You collected 637 gold pieces.

Inventory:

Hand Weapons
 a - a +0 long sword (weapon)
Missiles
 d - 7 throwing nets (quivered)
Armour
 c - a +0 helmet (melded)
 j - a +0 pair of boots (melded)
 v - a +0 buckler (worn)
 w - a +0 pair of gloves (melded)
 x - a +3 chain mail (melded)
 D - a +0 cloak (melded)
Jewellery
 b - an amulet of faith (around neck)
 y - a ring of protection from magic (left branch)
Wands
 i - a wand of flame (16)
 A - a wand of polymorph (10)
Scrolls
 h - 2 scrolls of immolation {unknown}
 k - 2 scrolls of teleportation {unknown}
 l - 3 scrolls of fog {unknown}
 o - 5 scrolls of remove curse
 p - 3 scrolls of acquirement {unknown}
 t - 5 scrolls of identify
 u - a scroll of enchant weapon {unknown}
 z - a scroll of amnesia {unknown}
 B - a scroll of blinking {unknown}
Potions
 e - a potion of heal wounds {unknown}
 g - a potion of cancellation
 m - a potion of resistance {unknown}
 n - 2 potions of berserk rage {unknown}
 q - 2 potions of mutation
 r - a potion of might
 E - a potion of invisibility {unknown}
Comestibles
 f - 15 rations
 C - 2 chunks of flesh


   Skills:
 + Level 8.0 Fighting
 * Level 9.4 Long Blades
 - Level 1.7 Throwing
 + Level 7.3 Armour
 + Level 6.2 Dodging
 - Level 5.0 Shields


You had 9 spell levels left.
You didn't know any spells.
Your spell library was empty.

Dungeon Overview and Level Annotations

Branches:
Dungeon (10/15)            Temple (1/1) D:7
   Lair: D:8-11         Orc: D:9-12

Altars:
Ashenzari
Cheibriados
Dithmenos
Elyvilon
Fedhas
Gozag
Hepliaklqana
Kikubaaqudgha
Makhleb
Nemelex Xobeh
Okawaru
Qazlal
Ru
Sif Muna
Trog
Uskayaw
Vehumet
Wu Jian
Xom
Yredelemnul
Zin
The Shining One

Shops:
D:7 }


Innate Abilities, Weirdness & Mutations

You are resistant to torment.
((Your stone body is resilient. (AC +7)))
You are immune to poison.
You resist negative energy. (rN+)
((You are resistant to electric shocks. (rElec)))
((You can survive without breathing.))
You are immune to petrification.
You are immune to rotting.


Message History

The death yak is heavily wounded.
The death yak gores you but does no damage.
You barely miss the death yak.
The death yak is heavily wounded.
The death yak gores you but does no damage.
You barely miss the death yak.
The death yak is heavily wounded.
The death yak gores you.
* * * LOW HITPOINT WARNING * * *
Some of the chunks of flesh in your inventory have rotted away.
You feel very mighty all of a sudden.
The death yak gores you but does no damage.
You barely miss the death yak.
The death yak is heavily wounded.
The death yak gores you!
* * * LOW HITPOINT WARNING * * *
You slash the death yak!
The death yak is severely wounded.
The death yak gores you!
You die...

## ..# #### ....
#..##....## .
####...#.....# ..
##....Y♣....# ...
##.....##...## ....
##......##..##
.....#......<.##..#
..................#
..#..†..........##
#...#........#.##
....# #$..........#
... #...........#


You could see a death yak.

Vanquished Creatures
  A troll (D:9)
  The ghost of obsidianmage the Stinger, an amateur DrVM of Vehumet (D:5)
  A hornet (D:9)
  A hippogriff (D:7)
  A hungry ghost (D:7)
  3 orc warriors
  3 sky beasts
  A phantom (D:7)
  2 black bears
  An ice beast (D:5)
  10 centaurs
  5 ogres
  2 big kobolds
  2 gnoll sergeants (D:7)
  8 bullfrogs
  2 scorpions
  5 howler monkeys
  2 jellies (D:6)
  8 crimson imps
  11 hounds
  3 orc priests
  Crazy Yiuf (D:7)
  A bullfrog zombie (D:7)
  A centaur skeleton (D:5)
  6 gnoll shamans
  8 orc wizards
  A bullfrog skeleton (D:4)
  Ijyb (D:4)
  An iguana (D:5)
  7 worker ants
  A killer bee zombie (D:8)
  A hound zombie (D:8)
  2 hound skeletons
  26 gnolls
  10 adders
  2 shadow imps
  An ooze (D:2)
  An adder zombie (D:9)
  2 adder skeletons
  4 worms
  4 dart slugs
  3 leopard geckos
  39 orcs
  2 bats
  5 giant cockroaches
  7 goblins
  6 hobgoblins
  12 jackals
  16 kobolds
  3 quokkas
  2 frilled lizards
  A leopard gecko skeleton (D:8)
  A quokka skeleton (D:6)
  2 quokka zombies
  11 rats
264 creatures vanquished.

Notes
Turn   | Place    | Note
-------+----------+-------------------------------------------
     0 | D:1      | Borgoz the Gargoyle Gladiator began the quest for the Orb.
     0 | D:1      | Reached XP level 1. HP: 12/12 MP: 1/1
   149 | D:1      | Reached XP level 2. HP: 18/18 MP: 2/2
   241 | D:1      | Reached skill level 3 in Long Blades
   446 | D:1      | Reached skill level 1 in Armour
   446 | D:1      | Reached XP level 3. HP: 16/22 MP: 3/3
  1132 | D:2      | Reached XP level 4. HP: 27/27 MP: 4/4
  1753 | D:2      | Found a shattered altar of Ashenzari.
  1876 | D:3      | You fall into a shaft and drop 2 floors!
  1876 | D:5      | Entered Level 5 of the Dungeon
  1876 | D:5      | Found a transporter.
  1876 | D:5      | Found a transporter.
  1876 | D:5      | Noticed obsidianmage's ghost (amateur DrVM)
  1909 | D:4      | Noticed an ogre
  1918 | D:4      | Killed an ogre
  1918 | D:4      | Reached skill level 4 in Long Blades
  1918 | D:4      | Reached XP level 5. HP: 32/32 MP: 5/5
  1937 | D:4      | Reached XP level 6. HP: 34/37 MP: 6/6
  2555 | D:4      | Noticed Ijyb
  2568 | D:4      | Paralysed by Ijyb for 5 turns
  2597 | D:4      | Killed Ijyb
  2957 | D:4      | Reached XP level 7. HP: 43/43 MP: 7/7
  3392 | D:4      | Reached skill level 5 in Long Blades
  3976 | D:5      | Reached XP level 8. HP: 28/48 MP: 8/8
  4315 | D:5      | Reached skill level 5 in Fighting
  4315 | D:5      | Reached skill level 6 in Long Blades
  4734 | D:7      | Found a bloodstained altar of Trog.
  4810 | D:7      | Reached skill level 5 in Armour
  4826 | D:7      | Found Sixzesif's Gadget Boutique.
  4864 | D:7      | Reached XP level 9. HP: 18/55 MP: 9/9
  4874 | D:7      | Reached skill level 7 in Long Blades
  4874 | D:7      | Reached skill level 1 in Shields
  5255 | D:7      | Paralysed by a gnoll for 5 turns
  5607 | D:6      | Reached skill level 5 in Dodging
  6627 | D:6      | Reached skill level 8 in Long Blades
  6832 | D:7      | You fall into a shaft and drop 2 floors!
  6838 | D:9      | Noticed a troll
  6859 | D:9      | Killed a troll
  6859 | D:9      | Reached XP level 10. HP: 31/61 MP: 10/10
  7109 | D:9      | Found a glowing silver altar of Zin.
  7159 | D:9      | Noticed a five-headed hydra
  7223 | D:8      | Found a shimmering altar of Xom.
  7456 | D:7      | HP: 3/63 [gnoll (4)]
  8256 | D:7      | Found a staircase to the Ecumenical Temple.
  8267 | Temple   | Entered the Ecumenical Temple
  8282 | Temple   | Became a worshipper of Makhleb the Destroyer
  8409 | D:7      | Found a shadowy altar of Dithmenos.
  8409 | D:7      | Found a stormy altar of Qazlal.
  8515 | D:7      | Found a runed translucent door.
  8516 | D:7      | Noticed Crazy Yiuf
  8526 | D:7      | Killed Crazy Yiuf
  8738 | D:8      | Reached skill level 9 in Long Blades
  8925 | D:8      | Found a snail-covered altar of Cheibriados.
  9255 | D:8      | Reached * piety under Makhleb
  9575 | D:9      | Found a sparkling altar of Nemelex Xobeh.
  9736 | D:5      | Killed obsidianmage's ghost
 10106 | D:9      | Reached skill level 5 in Shields
 10568 | D:10     | Entered Level 10 of the Dungeon
 10965 | D:10     | Noticed a death yak
 11112 | D:10     | Noticed a death yak
 11142 | D:10     | Mangled by a death yak

Levels and vault maps discovered:
D:1:      scummos_arrival_checkerplants, layout_loops_corners, serial_forest,
          infiniplex_forest_lined_corner, infiniplex_forest_clump_diagonal,
          infiniplex_forest_end_2, infiniplex_forest_corner_1,
          infiniplex_forest_join, infiniplex_forest_diagonal
D:2:      layout_basic, marbit_many_paths, first_ration
D:3:      layout_loops_ring
D:4:      layout_basic, uniq_ijyb
D:5:      layout_rooms, gammafunk_ghost_arena, hangedman_minor_gate_pass
D:6:      layout_basic
D:7:      layout_cave_pools, gammafunk_temple_overflow_wave,
          lemuel_crystal_altar, minmay_temple_entry_glassed_door,
          serial_gnoll_camp, gnoll_camp_mini_house, gnoll_camp_medium_02,
          gnoll_camp_medium_01, gnoll_camp_mini_house, gnoll_camp_mini_shop,
          uniq_crazy_yiuf_cottage
D:8:      layout_cave_pods, kennysheep_mini, lemuel_round_altar
D:9:      layout_basic, lemuel_round_altar, lemuel_round_altar
D:10:     layout_cave_pools, dpeg_lair_monsters,
          kennysheep_orc_monster_closet_entryway, basic_altar
Temple:   nicolae_temple_great_sept

Skill      XL: |  1  2  3  4  5  6  7  8  9 10 |
---------------+-------------------------------+-----
Long Blades    | 3 4 5 6 8 9 |  9.4
Armour         | 1 2 3 4 5 6 7 |  7.3
Fighting       | 3 4 5 6 8 |  8.0
Dodging        | 3 4 5 6 |  6.2
Shields        | 3 5 |  5.0
Throwing       | |  1.7

Action                   |  1- 3 |  4- 6 |  7- 9 | 10-12 || total
-------------------------+-------+-------+-------+-------++-------
Melee: Long sword        |    94 |   184 |   660 |   462 ||  1400
Throw: Throwing net      |       |       |     3 |       ||     3
Evoke: Wand              |       |       |       |     4 ||     4
  Use: Scroll            |       |       |     6 |       ||     6
       Potion            |       |       |     4 |     8 ||    12
  Eat: Chunk             |     1 |     6 |    14 |    13 ||    34
       Ration            |       |       |       |     2 ||     2
Armor: Leather armour    |     7 |       |       |       ||     7
       Scale mail        |    34 |   103 |   357 |       ||   494
       Chain mail        |       |       |    38 |   344 ||   382
       Skin              |       |       |       |    73 ||    73
Dodge: Dodged            |    59 |   113 |   387 |   246 ||   805
Block: Buckler           |       |       |   101 |   142 ||   243
       Rpst.: Long sword |    25 |    29 |   121 |    68 ||   243

Table legend:
 A = Non-vault XP
 B = Vault XP
 C = Vault XP percentage of total XP
 D = Non-vault monster count
 E = Vault monster count
 F = Vault count percentage of total count
                 A         B        C        D         E       F
            +---------+---------+-------+---------+---------+-------
      Total |    7483 |    1348 |  15.3 |     221 |      43 |  16.3
            +---------+---------+-------+---------+---------+-------
        D:1 |      48 |       0 |   0.0 |      19 |       0 |   0.0
        D:2 |     107 |       1 |   0.9 |      22 |       1 |   4.3
        D:3 |      95 |       0 |   0.0 |      16 |       0 |   0.0
        D:4 |     456 |      36 |   7.3 |      22 |       1 |   4.3
        D:5 |     728 |     367 |  33.5 |      21 |       5 |  19.2
        D:6 |    1358 |       0 |   0.0 |      35 |       0 |   0.0
        D:7 |    2360 |     944 |  28.6 |      37 |      36 |  49.3
        D:8 |    1120 |       0 |   0.0 |      28 |       0 |   0.0
        D:9 |    1165 |       0 |   0.0 |      18 |       0 |   0.0
       D:10 |      46 |       0 |   0.0 |       3 |       0 |   0.0
            +---------+---------+-------+---------+---------+-------
